Map: New Repugnancy LE

Players

MaNa - Winner!

  • Race: Protoss Protoss
  • Spawn Location: 1:00

DIMAGA

  • Race: Zerg Zerg
  • Spawn Location: 7:00

Event: 2019 WCS Spring

VOD

Have the link to the VOD?

Description

Time

  • Played on: May 17, 2019, 7:27 a.m.
  • Length: 12:21

All games in this series

Show
View Real Time Build Order
Export as new Build Order

MaNa Protoss - Winner!

Build Orders: 1 Gate Expand, Oracle Opening 

Get SALT Encoding   

  12  0:00  Probe  
  13  0:13  Probe, Pylon  
  13  0:21  Probe  
  15  0:31  Probe  
  16  0:40  Gateway  
  16  0:43  Probe  
  16  0:48  Assimilator  
  17  0:55  Probe  
  18  1:07  Probe  
  19  1:19  Probe  
  20  1:26  Nexus  
  20  1:35  Cybernetics Core  
  20  1:38  Probe  
  21  1:45  Assimilator  
  21  1:50  Probe  
  21  1:54  Pylon  
  22  2:02  Probe, Adept  
  23  2:14  Probe  
  26  2:22  Adept  
  26  2:26  Stargate  
  26  2:27  Probe  
  29  2:38  Probe  
  29  2:39  Probe  
  31  2:48  Warp Gate  
  31  2:50  Probe  
  31  2:51  Probe  
  35  3:00  Oracle, Gateway  
  35  3:02  Probe  
  35  3:09  Probe  
  35  3:10  Stalker  
  39  3:18  Gateway  
  37  3:21  Probe  
  37  3:24  Probe  
  41  3:33  Probe  
  42  3:35  Pylon  
  42  3:36  Probe  
  43  3:44  Oracle  
  46  3:51  Pylon  
  46  3:53  Probe x2  
  48  3:56  Assimilator  
  48  3:57  Assimilator  
  48  3:58  Pylon  
  48  4:05  Probe x2  
  50  4:11  Twilight Council  
  50  4:18  Probe x2  
  50  4:23  Resonating Glaives  
  52  4:27  Oracle  
  52  4:30  Probe x2  
  57  4:36  Adept x3  
  63  4:42  Probe x2, Pylon  
  65  5:01  Adept x3  
  65  5:02  Probe x2  
  73  5:09  Gateway  
  73  5:13  Gateway  
  73  5:15  Gateway  
  73  5:25  Adept x2  
  77  5:35  Nexus  
  77  5:43  Robotics Facility  
  77  5:44  Pylon  
  77  5:51  Pylon  
  77  5:53  Forge  
  75  6:06  Probe  
  75  6:10  Sentry x3  
  75  6:11  Adept x2  
  84  6:15  Probe  
  81  6:19  Probe  
  80  6:27  Immortal  
  80  6:28  Robotics Facility  
  80  6:32  Protoss Ground Weapons Level 1  
  80  6:37  Adept x4  
  89  6:43  Probe x2  
  91  6:47  Shield Battery  
  91  6:50  Sentry x2  
  95  7:04  Stalker x4, Immortal  
  103  7:14  Immortal  
  103  7:16  Shield Battery  
  99  7:26  Probe  
  104  7:34  Warp Prism  
  104  7:42  Phoenix  
  106  7:47  Photon Cannon  
  106  7:50  Photon Cannon, Shield Battery  
  108  7:55  Templar Archives  
  106  8:16  Adept x3  
  106  8:17  Sentry  
  106  8:26  Immortal x2  
  88  8:29  Charge  
  88  8:30  Adept x2  
  92  8:37  Zealot x2  
  92  8:38  Zealot  
  92  8:47  Sentry  
  94  8:53  Zealot x2  
  94  8:54  Pylon  
  98  8:57  Shield Battery  
  98  9:00  Zealot x2  
  98  9:02  Sentry  
  104  9:03  Immortal  
  105  9:14  Immortal  
  109  9:20  Zealot  
  111  9:27  Zealot x4  
  117  9:32  Pylon  
  117  9:50  Immortal  
  117  9:51  Zealot x4  
  121  9:57  Zealot x2  
  103  10:13  Zealot x4  
  101  10:23  Zealot x2  
  101  10:26  Assimilator  
  103  10:30  Observer, Assimilator  
  103  10:34  Zealot x2  
  103  10:35  Zealot  
  110  10:37  Zealot  
  111  10:43  Observer  
  111  10:45  High Templar x2  
  111  10:46  Photon Cannon  
  114  10:51  Archon  
  114  10:57  High Templar x3  
  114  10:58  High Templar  
  114  11:00  Photon Cannon  
  114  11:01  Archon  
  114  11:02  Archon  
  114  11:03  Photon Cannon  
  122  11:07  Photon Cannon  
  122  11:12  Photon Cannon  
  122  11:15  Probe  
  122  11:17  Zealot  
  125  11:20  Pylon  
  125  11:23  Pylon  
  125  11:38  Pylon  
  125  11:40  Sentry x3, Pylon  
  125  11:41  Sentry x2  
  125  11:42  Zealot  
  127  12:07  Zealot x4  
  127  12:08  Zealot x2  
Show
View Real Time Build Order
Export as new Build Order

DIMAGA Zerg 

Build Orders: Hatch First 

Get SALT Encoding   

  12  0:00  Drone  
  13  0:12  Overlord  
  13  0:17  Drone  
  14  0:30  Drone x2  
  14  0:34  Drone  
  17  0:52  Drone  
  17  0:56  Drone  
  19  1:00  Hatchery  
  18  1:05  Extractor  
  17  1:12  Spawning Pool  
  17  1:15  Drone  
  17  1:19  Drone  
  18  1:30  Drone  
  19  1:38  Drone  
  20  1:49  Overlord  
  20  1:59  Queen  
  22  2:06  Metabolic Boost  
  22  2:12  Queen  
  22  2:14  Zergling x4  
  26  2:17  Zergling x2  
  27  2:24  Zergling x2  
  27  2:26  Zergling x2  
  30  2:37  Drone x2  
  30  2:43  Hatchery  
  30  2:49  Drone  
  30  2:50  Drone  
  32  2:59  Overlord  
  32  3:00  Drone  
  32  3:03  Spore Crawler  
  31  3:14  Drone x2  
  31  3:15  Drone x2  
  35  3:25  Drone x3  
  38  3:35  Spore Crawler  
  38  3:37  Spore Crawler, Drone x2  
  37  3:44  Overlord  
  37  3:45  Overlord  
  37  3:46  Drone x3  
  40  3:55  Drone x2  
  42  3:58  Spore Crawler  
  41  4:06  Queen x2  
  43  4:11  Queen  
  45  4:19  Drone x4  
  45  4:20  Drone  
  45  4:22  Drone  
  50  4:33  Drone  
  50  4:37  Drone x6  
  57  4:40  Overlord  
  57  4:51  Lair  
  57  4:55  Roach Warren  
  57  4:56  Spore Crawler  
  57  4:59  Drone x6  
  62  5:03  Extractor  
  62  5:05  Extractor x2  
  59  5:07  Evolution Chamber  
  59  5:08  Overlord  
  58  5:15  Overlord x2  
  58  5:16  Drone x3  
  60  5:36  Roach x10  
  60  5:40  Roach x2  
  84  5:45  Overlord x2  
  84  5:49  Glial Reconstitution  
  84  5:55  Overlord x2  
  84  5:58  Roach x2  
  85  6:12  Roach x5  
  93  6:24  Drone  
  93  6:25  Drone x5  
  99  6:32  Zerg Missile Weapons Level 1  
  98  6:38  Overlord  
  98  6:39  Zergling x10  
  103  6:49  Overlord  
  103  6:52  Zergling x12  
  109  6:56  Ravager x2  
  109  6:57  Zergling x4  
  113  7:08  Zergling x12  
  111  7:14  Roach x2  
  110  7:19  Ravager x2  
  110  7:20  Ravager, Zergling x2  
  112  7:23  Roach  
  112  7:27  Roach  
  112  7:28  Roach x3, Zergling x8  
  120  7:38  Roach x3  
  120  7:43  Roach x2  
  127  7:45  Zergling x2  
  127  7:46  Queen  
  127  7:47  Queen x2  
  134  7:53  Ravager  
  134  7:56  Roach, Zergling x2  
  138  7:59  Overlord x2  
  138  8:12  Roach x7, Zergling x4  
  138  8:16  Zergling x2  
  114  8:32  Roach x5  
  110  8:41  Roach x2  
  102  8:42  Queen x2  
  102  8:43  Queen  
  102  8:46  Ravager  
  102  8:48  Roach x2  
  113  8:50  Ravager  
  113  8:53  Roach x2  
  118  9:02  Roach x4, Zergling x6  
  129  9:09  Roach x3  
  135  9:18  Ravager  
  135  9:21  Roach x3  
  142  9:33  Roach x5  
  151  9:46  Roach  
  136  9:56  Zergling x12  
  118  10:02  Roach, Zergling x2  
  118  10:03  Zergling x4  
  100  10:10  Roach x3, Zergling x6  
  92  10:15  Roach x3  
  92  10:16  Overseer  
  80  10:23  Roach  
  80  10:27  Roach x2  
  86  10:34  Roach  
  87  10:38  Roach  
  87  10:40  Roach  
  84  10:43  Queen x3  
  84  10:46  Roach x2  
  91  10:52  Roach  
  91  10:57  Roach  
  91  10:58  Roach x2  
  97  11:08  Roach x3  
  97  11:11  Ravager x3  
  106  11:19  Roach x3  
  106  11:25  Queen x2  
  112  11:26  Queen  
  112  11:31  Roach  
  112  11:32  Roach x2  
  123  11:41  Roach x3  
  129  11:54  Roach x9  
Tags
 
Add a new tag
Caveats
  • Supply blocks, unpowered buildings, or Contaminate may cause inaccurate times.
  • Supply counts are checked every 10 seconds.